 Dungeon Crawl Stone Soup version 0.22.0-36-g8e74550 (webtiles) character file.

2423 Monsterracer the Cleaver (level 9, -6/82 HPs)
             Began as a Deep Dwarf Fighter on Aug 24, 2018.
             Killed from afar by an electric eel (7 damage)
             ... with a bolt of electricity
             ... on level 7 of the Dungeon.
             The game lasted 00:03:30 (2312 turns).

Monsterracer the Cleaver (Deep Dwarf Fighter)       Turns: 2312, Time: 00:03:31

Health: -6/82      AC: 14    Str: 23    XL:     9   Next: 24%
Magic:  5/5        EV:  5    Int:  9    God:
Gold:   119        SH: 11    Dex: 12    Spells: 8/8 levels left

rFire    . . .     SeeInvis .   a - +0 war axe
rCold    . . .     Gourm    .   f - +0 shield
rNeg     . . .     Faith    .   j - +0 plate armour
rPois    .         Spirit   .   (no helmet)
rElec    .         Reflect  .   m - +0 cloak {MR+}
rCorr    .         Harm     .   (no gloves)
MR       ++...                  (no boots)
Stlth    ..........             k - amulet of the acrobat
HPRegen  0.00/turn              (no ring)
MPRegen  0.09/turn              (no ring)

@: non-regenerating
A: damage resistance, heal wounds, sense surroundings 2, no regeneration
a: Heal Wounds


You were on level 7 of the Dungeon.
You were not hungry.

You visited 1 branch of the dungeon, and saw 7 of its levels.

You collected 284 gold pieces.
You spent 165 gold pieces at shops.

Inventory:

Hand Weapons
 a - a +0 war axe (weapon)
Armour
 f - a +0 shield (worn)
 j - a +0 plate armour (worn)
 m - a +0 cloak of magic resistance (worn)
Jewellery
 k - an amulet of the acrobat (around neck)
Scrolls
 b - 2 scrolls of remove curse
 e - 2 scrolls of identify
 i - a scroll of fear
 o - 2 scrolls of fog
Potions
 d - 2 potions of might
 g - 2 potions of cancellation
 h - a potion of heal wounds
 l - 2 potions of curing
 n - a potion of invisibility
 q - 2 potions of flight
Comestibles
 c - 5 rations


   Skills:
 + Level 5.7 Fighting
 * Level 8.9 Axes
 + Level 6.9 Armour
 + Level 6.9 Shields


You had 8 spell levels left.
You didn't know any spells.
Your spell library was empty.

Dungeon Overview and Level Annotations

Branches:
Dungeon (7/15)             Temple (0/1) D:4

Altars:
Trog

Shops:
D:4 [


Innate Abilities, Weirdness & Mutations

You are resistant to damage.
You can heal yourself by infusing magical energy.
You passively map the area around you.
You do not regenerate.


Message History

An electric eel comes into view. x2
The electric eel moves out of view.
An electric eel is nearby!
No reachable target in view!
An electric eel is nearby!
No reachable target in view!
No reachable target in view!
No reachable target in view!
An electric eel comes into view.
The electric eel shoots out a bolt of lightning at you!
The bolt of electricity hits you!
You take 2 damage, and have 50/82 hp.
The electric eel shoots out a bolt of lightning at you!
The bolt of electricity hits you!
You take 6 damage, and have 44/82 hp.
You enter the shallow water.
Moving in this stuff is going to be slow.
The electric eel shoots out a bolt of lightning at you!
The bolt of electricity hits you!
You take 9 damage, and have 35/82 hp.
The electric eel shoots out a bolt of lightning at you!
The bolt of electricity hits you!
You take 5 damage, and have 30/82 hp.
An electric eel comes into view.
The electric eel shoots out a bolt of lightning at you!
The bolt of electricity hits the electric eel.
The electric eel completely resists.
The bolt of electricity hits you!
* * * LOW HITPOINT WARNING * * *
The electric eel shoots out a bolt of lightning at you!
The bolt of electricity hits you!
* * * LOW HITPOINT WARNING * * *
The electric eel shoots out a bolt of lightning at you!
The bolt of electricity hits you! x2
The bolt of electricity misses the electric eel.
You take 13 damage, and have 17/82 hp.
You are too injured to fight recklessly!
You miss the electric eel.
Your shield and plate armour prevent you from hitting the electric eel.
The electric eel shoots out a bolt of lightning at you!
The bolt of electricity hits you!
* * * LOW HITPOINT WARNING * * *
The electric eel shoots out a bolt of lightning at you!
The bolt of electricity hits you!
* * * LOW HITPOINT WARNING * * *
The bolt of electricity hits you!
* * * LOW HITPOINT WARNING * * *
The bolt of electricity hits the electric eel.
The electric eel completely resists.
You take 16 damage, and have 1/82 hp.
You are too injured to fight recklessly!
You are too injured to fight recklessly!
You are too injured to fight recklessly!
You feel much better.
The electric eel shoots out a bolt of lightning at you!
The bolt of electricity misses the electric eel.
The bolt of electricity hits you!
* * * LOW HITPOINT WARNING * * *
The electric eel shoots out a bolt of lightning at you!
The bolt of electricity hits you!
A worker ant comes into view.
The electric eel shoots out a bolt of lightning at you!
The bolt of electricity hits you!
* * * LOW HITPOINT WARNING * * *
The bolt of electricity hits you!
* * * LOW HITPOINT WARNING * * *
The bolt of electricity hits the electric eel.
The electric eel completely resists.
The worker ant twitches its antennae in your direction.
You regained 7 hp, and now have 8/82 hp.
You feel much better.
The electric eel shoots out a bolt of lightning at you!
The bolt of electricity hits you!
* * * LOW HITPOINT WARNING * * *
The electric eel shoots out a bolt of lightning at you!
The bolt of electricity hits you!
* * * LOW HITPOINT WARNING * * *
The bolt of electricity hits the electric eel.
The electric eel completely resists.
You regained 2 hp, and now have 10/82 hp.
You feel much better.
The electric eel shoots out a bolt of lightning at you!
The bolt of electricity hits you!
* * * LOW HITPOINT WARNING * * *
The bolt of electricity hits you!
* * * LOW HITPOINT WARNING * * *
The bolt of electricity hits the electric eel.
The electric eel completely resists.
You regained 11 hp, and now have 21/82 hp.
You fail to use your ability.
The electric eel shoots out a bolt of lightning at you!
The bolt of electricity hits you!
* * * LOW HITPOINT WARNING * * *
The electric eel shoots out a bolt of lightning at you!
The bolt of electricity hits you!
* * * LOW HITPOINT WARNING * * *
The electric eel shoots out a bolt of lightning at you!
The bolt of electricity hits you!
* * * LOW HITPOINT WARNING * * *
The bolt of electricity hits you!
You die...

########### ** **
#.........##########..
#.≈..≈≈≈..≈..≈.≈......
≈
#..≈≈≈≈≈≈≈≈≈≈≈@≈;≈≈≈.≈
#..≈♣♣♣≈≈≈♣♣♣;;≈♣♣♣≈≈≈
* ###.≈≈♣ ♣≈≈≈♣ ♣≈.≈♣ *
≈ .....≈♣♣♣≈.≈♣ ♣≈≈≈♣ ≈
, ...#≈≈≈≈≈≈≈≈≈≈≈≈a;≈≈≈
≈ ≈ ≈
...#.≈.≈........≈..≈. ≈
#.##.≈≈≈≈≈≈≈≈≈≈≈.≈≈≈≈
#.#..≈♣♣♣≈.≈♣♣♣≈≈≈♣♣♣≈≈
* ≈ .....≈♣ *≈≈≈ ≈, ≈


You could see a worker ant and 4 electric eels.

Vanquished Creatures
  A spriggan (D:7)
  A hungry ghost (D:7)
  Duvessa (D:7)
  An ice beast (D:7)
  A phantom (D:5)
  3 sky beasts
  A centaur (D:7)
  2 ogres
  Blork the orc (D:5)
  3 bullfrogs
  5 scorpions
  Dowan (D:7)
  5 killer bees (D:7)
  2 electric eels (D:7)
  2 howler monkeys
  3 centaur skeletons
  A jelly (D:7)
  2 orc wizards
  2 hounds (D:5)
  A worker ant (D:4)
  A worker ant zombie (D:7)
  9 adders
  A shadow imp (D:6)
  An adder zombie (D:6)
  A worm (D:2)
  A dart slug (D:5)
  2 leopard geckos
  9 orcs
  5 hobgoblins
  4 jackals
  2 quokkas
  4 bats
  3 frilled lizards
  2 goblins
  3 kobolds
  A leopard gecko zombie (D:5)
  A quokka skeleton (D:6)
  4 rats
93 creatures vanquished.

Vanquished Creatures (others)
  12 fungi (D:5)
12 creatures vanquished.

Grand Total: 105 creatures vanquished

Notes
Turn   | Place    | Note
-------+----------+-------------------------------------------
     0 | D:1      | Monsterracer the Deep Dwarf Fighter began the quest for the Orb.
     0 | D:1      | Reached XP level 1. HP: 20/20 MP: 1/1
   110 | D:1      | Reached XP level 2. HP: 25/27 MP: 2/2
   223 | D:2      | Reached skill level 3 in Axes
   223 | D:2      | Reached XP level 3. HP: 18/34 MP: 3/3
   380 | D:3      | Reached XP level 4. HP: 31/42 MP: 4/4
   509 | D:4      | Reached skill level 4 in Axes
   535 | D:4      | Found a bloodstained altar of Trog.
   563 | D:4      | Reached XP level 5. HP: 42/49 MP: 5/5
   588 | D:4      | Found Daofy's Antique Armour Shoppe.
   611 | D:5      | Entered Level 5 of the Dungeon
   614 | D:5      | Noticed an ogre
   638 | D:5      | Killed an ogre
   638 | D:5      | Reached XP level 6. HP: 4/57 MP: 6/6
   649 | D:5      | Reached skill level 5 in Axes
  1003 | D:5      | Reached XP level 7. HP: 33/64 MP: 7/7
  1059 | D:5      | Reached skill level 5 in Armour
  1059 | D:5      | Reached skill level 5 in Shields
  1108 | D:5      | Noticed Blork the orc
  1118 | D:5      | Killed Blork the orc
  1118 | D:5      | Reached skill level 6 in Axes
  1226 | D:4      | Bought a glowing cloak for 165 gold pieces
  1540 | D:6      | Reached XP level 8. HP: 40/73 MP: 7/7
  1762 | D:6      | Reached skill level 7 in Axes
  1953 | D:7      | Noticed Duvessa
  1959 | D:7      | Noticed Dowan
  1995 | D:7      | Reached skill level 5 in Fighting
  1998 | D:7      | Killed Dowan
  2000 | D:7      | Killed Duvessa
  2108 | D:7      | Reached skill level 8 in Axes
  2125 | D:7      | Gained mutation: You passively map the area around you. [Deep Dwarf growth]
  2125 | D:7      | Reached XP level 9. HP: 20/81 MP: 5/5
  2308 | D:7      | HP: 3/82 [electric eel/bolt of electricity (7)]
  2308 | D:7      | HP: 1/82 [electric eel/bolt of electricity (2)]
  2312 | D:7      | Killed from afar by an electric eel

Skill      XL: |  1  2  3  4  5  6  7  8 |
---------------+-------------------------+-----
Fighting       | 3 4 5 |  5.7
Axes           | 3 4 5 6 8 |  8.9
Shields        | 4 5 6 |  6.9
Armour         | 4 5 6 |  6.9

Action                   |  1- 3 |  4- 6 |  7- 9 || total
-------------------------+-------+-------+-------++-------
Melee: War axe           |    84 |   139 |   267 ||   490
 Abil: Heal Wounds       |     1 |     3 |    16 ||    20
  Use: Scroll            |       |     8 |     3 ||    11
  Eat: Chunk             |       |     1 |     3 ||     4
       Ration            |       |       |     5 ||     5
Armor: Scale mail        |    37 |    32 |       ||    69
       Plate armour      |       |     6 |   256 ||   262
Dodge: Dodged            |    21 |    34 |    89 ||   144
Block: Shield            |    49 |    68 |   225 ||   342

Vault maps used:
D:1:      minmay_arrival_open_corners
D:2:      kennysheep_six_static_rooms, nemelex_altar_shiori, bh_chokoban,
          minmay_misc_feat_more_columns
D:3:      first_ration, lightli_corner_chamber
D:4:      lightli_temple_of_fire, minmay_temple_entry_overgrown, serial_shops,
          shop_fountains, nicolae_shop_overgrown_old_shop, hex_medium
D:5:      old_forge, uniq_blork_the_orc
D:6:      kennysheep_small_spiral
D:7:      the_bakery, kennysheep_boxes, uniq_duvessa, uniq_joseph
